 Dungeon Crawl Stone Soup version 0.32-a0-876-gcfddb08e57 (webtiles) character file.

Game seed: 11262938300184056326

5345 TacoSundae the Grappler (level 10, -1/77 HPs)
             Began as a Yellow Draconian Shapeshifter on Apr 1, 2024.
             Was a Priest of Wu Jian.
             Killed from afar by Erica (13 damage)
             ... with a bolt of poison
             ... on level 10 of the Dungeon.
             The game lasted 00:39:00 (7334 turns).

TacoSundae the Grappler (DrSh)                      Turns: 7334, Time: 00:39:01

Health: -1/77      AC: 14    Str: 17    XL:     10   Next: 38%
Magic:  10/10      EV:  8    Int: 10    God:    Wu Jian [***...]
Gold:   395        SH:  0    Dex: 15    Spells: 9/9 levels left

rFire   . .          .
                       - Unarmed
rCold   . . .        (shield currently unavailable)
rNeg    . . .        (body armour unavailable)
rPois   .            l - +1 hat
rElec   .            C - +0 cloak
rCorr   +            i - +0 pair of gloves
SInv    .            (no boots)
Will    .....        d - amulet of regeneration
Stlth   +            G - +4 ring of protection
HPRegen 1.12/turn    v - +4 ring of slaying
MPRegen 0.12/turn

%: no passive effects
@: lethally poisoned (-1 -> -33), flux-form, slowed, glowing, constricted, very
slow
A: glow, contaminating, caustic breath, AC +7, unfitting armour, cold-blooded,
acid resistance
a: Caustic Breath, Begin Untransformation, Renounce Religion, Wall Jump,
Serpent's Lash


You were on level 10 of the Dungeon.
You worshipped Wu Jian.
Wu Jian was most pleased with you.
You were something dangerously unstable.
You visited 2 branches of the dungeon, and saw 11 of its levels.
You also visited: Bailey.

You collected 395 gold pieces.

Inventory:

Hand Weapons
 q - the +5 Force Lance {heavy, knockback}
   (You found it on level 7 of the Dungeon)
Missiles
 h - 3 javelins (quivered)
 k - 33 poisoned darts
 x - 3 atropa-tipped darts
 H - a curare-tipped dart
Armour
 i - a +0 pair of gloves (worn)
 l - a +1 hat (worn)
 C - a +0 cloak (worn)
Magical Staves
 g - a staff of alchemy
Jewellery
 d - an amulet of regeneration (around neck)
 u - a ring of flight
 v - a +4 ring of slaying (right hand)
 G - a +4 ring of protection (left hand)
 K - the ring of Youthful Indiscretion {*Corrode *Slow rPois Int+3 Dex+9}
   (You found it on level 9 of the Dungeon)

   [ring of poison resistance]

   Int+3:     It affects your intelligence (+3).
   Dex+9:     It affects your dexterity (+9).
   rPois:     It protects you from poison.
   *Corrode:  It may corrode you when you take damage.
   *Slow:     It may slow you when you take damage.
Talismans
 b - a beast talisman
 c - a flux talisman (active)
 r - a storm talisman
 w - a maw talisman
Wands
 m - a wand of acid (3)
 s - a wand of flame (9)
 y - a wand of mindburst (17)
 z - a wand of polymorph (8)
Scrolls
 t - 2 scrolls of teleportation
 E - 2 scrolls of immolation
 F - a scroll of fog
 I - 2 scrolls of revelation
 J - a scroll of poison
Potions
 a - 2 potions of lignification
 e - 5 potions of brilliance
 f - 3 potions of curing
 j - 6 potions of heal wounds
 n - 5 potions of invisibility
 p - 5 potions of haste
 A - 3 potions of cancellation
 B - a potion of enlightenment
 D - 2 potions of might
 L - a potion of resistance
 M - a potion of mutation
 N - 2 potions of experience


   Skills:
 - Level 3.1 Fighting
 + Level 6.5 Dodging
 * Level 10.3 Unarmed Combat
 * Level 9.2 Shapeshifting


You had 9 spell levels left.
You didn't know any spells.
Your spell library contained the following spells:

 Spells                   Type           Power      Damage    Failure   Level
 Apportation              Tloc           0%         N/A       36%         1
 Necrotise                Necr           0%         1d4       36%         1
 Cigotuvi's Dreadful Rot  Necr/Alch/Air  0%         N/A       50%         2
 Jinxbite                 Hex            0%         N/A       50%         2
 Vampiric Draining        Necr           0%         2d6       75%         3
 Ignite Poison            Fire/Alch      0%         N/A       98%         4
 Martyr's Knell           Necr/Summ      0%         N/A       98%         4
 Alistair's Intoxication  Alch           0%         N/A       100%        5
 Curse of Agony           Necr           0%         N/A       100%        5
 Freezing Cloud           Conj/Ice/Air   0%         6-21      100%        5


Dungeon Overview and Level Annotations

Branches:
Dungeon (10/15)            Temple (1/1) D:7            Lair (0/5) D:9
 Bailey (visited)
    Orc: D:9-12

Altars:
Ashenzari
Cheibriados
Dithmenos
Elyvilon
Fedhas
Gozag
Hepliaklqana
Kikubaaqudgha
Makhleb
Nemelex Xobeh
Okawaru
Qazlal
Ru
Sif Muna
Trog
Uskayaw
Vehumet
Wu Jian
Xom
Yredelemnul
Zin
The Shining One

Annotations:
D:10 Erica


Innate Abilities, Weirdness & Mutations

You are something dangerously unstable.
You glow with magical radiation, making you easy to see and hit.
Foes you strike become dangerously contaminated with magical radiation.
You are incapable of wielding weapons or throwing items.
You can breathe corrosive fumes.
Your golden yellow scales are hard. (AC +7)
You cannot fit into any form of body armour.
You are cold-blooded and may be slowed by cold attacks.
You are resistant to acid. (rCorr)


Message History

The bolt of poison hits you!
You are poisoned.
Aiming: Corrosive Bolt
Press: ? - help, Shift-Dir - straight line You feel extremely sick.
You feel very sick. Something hits you! Something burns you!
Something grabs you.
You are constricted.
Something hits you but does no damage.
You are constricted.
Unknown command.
You feel much better.
You feel very sick. Something hits you! Something burns you.
You are constricted.
You punch something!
Erica begins to glow.
Erica is heavily wounded.
You feel sick.
Erica says, "I'm so much better than you."
Erica hits you with a +3 scimitar of flaming.
Erica burns you. Erica constricts you.
You closely miss Erica. You tail-slap Erica.
Erica is severely wounded.
You feel sick.
Erica stares at you and mumbles some strange words.
The bolt of poison hits you!!
You are more poisoned.
* * * LOW HITPOINT WARNING * * *
Erica constricts you.
* * * LOW HITPOINT WARNING * * *
Erica screams, "I'll never tell where it is!"
Erica stares at you and mumbles some strange words.
You feel as though you will be slow longer.
Erica constricts you.
You feel much better.
You feel very sick.
Erica stops glowing and disappears.
You hear some strange, mumbled words.
A bolt of poison appears from out of thin air!
The bolt of poison hits you!
You are lethally poisoned!
You die...

##............###.......
##................>.....
..............†.........
...x#####+#.............
....# .######.....###
....# .......#.###.#..
....# ......#.# '. .##.#
......#{###.#.. .##.#
......#p....# .##.#
#...'.....# ..#
#...#)###.# ### ###'##.#
#.'. #..))).###.#..
#....)..<..# .
+..........#
####+#..≈~~~~~~.+
........~#####~.#


There were no monsters in sight!

Vanquished Creatures
  A two-headed ogre (D:9)
  A troll (D:9)
  2 wyverns (D:9)
  A wraith (D:7)
  2 steam dragons (D:8)
  2 vampire mosquitoes (D:10)
  An acid dragon (D:9)
  3 water moccasins
  2 sky beasts
  3 orc warriors
  An ice beast (D:7)
  A black bear (D:7)
  An ogre (D:6)
  2 centaurs
  4 kobold brigands
  2 bullfrogs
  A scorpion (D:7)
  8 wights
  A killer bee (D:8)
  2 howler monkeys (D:8)
  2 electric eels
  6 orc priests
  A bombardier beetle (D:5)
  4 hounds
  2 jellies
  Crazy Yiuf (D:6)
  Terence (D:2)
  2 sleepcaps (D:8)
  Natasha (thrice) (D:2)
  3 iguanas
  8 orc wizards
  12 gnolls (Bailey)
  5 adders
  A shadow imp (D:7)
  3 white imps
  2 ufetubi (D:5)
  3 ribbon worms
  10 dart slugs
  39 orcs
  9 endoplasms
  4 giant cockroaches
  6 goblins
  6 hobgoblins
  7 jackals
  7 quokkas
  7 ball pythons
  11 bats
  3 frilled lizards
  16 kobolds
  2 rats (D:2)
227 creatures vanquished.

Vanquished Creatures (others)
  A shadow imp (D:8)
  An orc (D:8)
2 creatures vanquished.

Grand Total: 229 creatures vanquished

Notes
Turn   | Place    | Note
-------+----------+-------------------------------------------
     0 | D:1      | TacoSundae the Draconian Shapeshifter began the quest for
                  | the Orb.
     0 | D:1      | Reached XP level 1. HP: 16/16 MP: 1/1
   304 | D:1      | Reached XP level 2. HP: 23/23 MP: 2/2
   535 | D:1      | Found a faded altar of an unknown god.
   848 | D:2      | Noticed Natasha
   857 | D:2      | Killed Natasha
   858 | D:2      | Reached XP level 3. HP: 11/29 MP: 3/3
  1100 | D:2      | Noticed Natasha
  1122 | D:2      | Killed Natasha
  1123 | D:2      | Reached XP level 4. HP: 26/36 MP: 4/4
  1150 | D:2      | Noticed Terence
  1178 | D:2      | Killed Terence
  1179 | D:2      | Reached skill level 4 in Unarmed Combat
  1456 | D:2      | Noticed Natasha
  1466 | D:2      | Killed Natasha
  1467 | D:2      | Reached XP level 5. HP: 39/42 MP: 5/5
  1746 | D:3      | Found a sparkling altar of Nemelex Xobeh.
  2035 | D:4      | Noticed a sky beast
  2046 | D:4      | Killed a sky beast
  2047 | D:4      | Reached skill level 5 in Unarmed Combat
  2047 | D:4      | Reached XP level 6. HP: 37/51 MP: 6/6
  2521 | D:4      | Found a basalt altar of Yredelemnul.
  2521 | D:4      | Found a sacrificial altar of Ru.
  2522 | D:4      | Found an opulent altar of Gozag.
  2522 | D:4      | Found an iron altar of Okawaru.
  2687 | D:5      | Entered Level 5 of the Dungeon
  2751 | D:5      | Found an ancient bone altar of Kikubaaqudgha.
  2795 | D:5      | Found a shadowy altar of Dithmenos.
  3134 | D:5      | Your scales start taking on a golden yellow colour.
  3134 | D:5      | Reached XP level 7. HP: 54/57 MP: 7/7
  3134 | D:5      | Gained mutation: You are resistant to acid. (rCorr) [Yellow
                  | Draconian growth]
  3839 | D:6      | Reached skill level 6 in Unarmed Combat
  3887 | D:6      | Reached skill level 5 in Shapeshifting
  3961 | D:6      | Reached XP level 8. HP: 63/63 MP: 8/8
  4011 | D:6      | Found a runed translucent door.
  4012 | D:6      | Noticed Crazy Yiuf
  4368 | D:6      | Killed Crazy Yiuf
  4565 | D:7      | Reached skill level 7 in Unarmed Combat
  4597 | D:7      | Found an ornate altar of the Wu Jian Council.
  4601 | D:7      | Found a staircase to the Ecumenical Temple.
  4610 | Temple   | Entered the Ecumenical Temple
  4661 | D:7      | Became a worshipper of the Wu Jian Council
  4967 | D:7      | Reached skill level 5 in Dodging
  4967 | D:7      | Reached skill level 8 in Unarmed Combat
  4994 | D:7      | Reached XP level 9. HP: 69/69 MP: 9/9
  4997 | D:7      | Identified the +2 leather armour of the Will of the Gods
                  | {rF+ rN+}
  5011 | D:7      | Found the +5 Force Lance {heavy, knockback}
  5108 | D:7      | Reached * piety under Wu Jian
  5716 | D:8      | Reached skill level 9 in Unarmed Combat
  6027 | D:9      | Noticed a troll
  6034 | D:9      | Killed a troll
  6053 | D:9      | Reached ** piety under Wu Jian
  6236 | D:9      | Reached XP level 10. HP: 77/77 MP: 10/10
  6527 | D:9      | Found a snail-covered altar of Cheibriados.
  6558 | D:9      | Noticed a two-headed ogre
  6570 | D:9      | Killed a two-headed ogre
  6571 | D:9      | Reached skill level 10 in Unarmed Combat
  6594 | D:9      | Identified the +4 hand axe "Wielul" {protect, *Noise rCorr
                  | Str+4 Stlth+}
  6634 | D:9      | Found a staircase to the Lair.
  6647 | D:9      | Identified the ring of Youthful Indiscretion {*Corrode
                  | *Slow rPois Int+3 Dex+9}
  6868 | D:10     | Entered Level 10 of the Dungeon
  6885 | D:10     | Found a flagged portal.
  6896 | Bailey   | Entered a bailey
  7069 | Bailey   | Reached *** piety under Wu Jian
  7306 | D:10     | Noticed Erica
  7333 | D:10     | HP: 2/77 [constriction (5)]
  7334 | D:10     | Killed from afar by Erica

Illustrated notes

Levels and vault maps discovered:
D:1:      orjb1_clovarrival, layout_loops_ring, shapermc_ecumenical_altar_petra
D:2:      layout_rooms, minmay_joined_circles, uniq_terence, uniq_natasha
D:3:      layout_rooms, overflow_temple_1_default, serial_bayou,
          serial_bayou_crossing, serial_bayou_lake_a, serial_bayou_pond_e,
          serial_bayou_pond_c, serial_bayou_pond_b, kennysheep_generic_room_7
D:4:      kennysheep_slugbush, layout_loops_ring,
          chequers_temple_overflow_statue_of_worship, grunt_ministairs_1,
          chequers_serial_rivers_micro_c
D:5:      layout_layer_cave, kiku_gazebo_garden_becter,
          mainiacjoe_overflow_catwalk
D:6:      layout_loops_ring, uniq_crazy_yiuf_cottage
D:7:      layout_rooms, general_overflow_altar, minmay_temple_entry_butterflies,
          hangedman_abyss_or_decor_passed, kennysheep_nondescript,
          chequers_serial_rivers_large_a, kennysheep_cluttered_room,
          grunt_ministairs_10
D:8:      layout_rooms, minmay_increasing_density
D:9:      layout_basic, mainiacjoe_overflow_cross_hatched, lair_entry_dummy,
          amcnicky_mini_rare_corridor_liquid
D:10:     layout_stronghold, enter_bailey_3, uniq_erica, uniq_erolcha
Temple:   cyrus_circular_temple

Skill      XL: |  1  2  3  4  5  6  7  8  9 10 |
---------------+-------------------------------+-----
Dodging        | 2 3 4 5 6 |  6.5
Fighting       | 2 3 |  3.1
Unarmed Combat | 4 5 6 8 9 10 | 10.3
Shapeshifting  | 4 5 7 8 9 |  9.2

Action                     |  1- 3 |  4- 6 |  7- 9 | 10-12 || total
---------------------------+-------+-------+-------+-------++-------
  Melee: Unarmed           |   204 |   191 |   253 |   104 ||   752
         Tailslap          |    28 |    20 |    43 |    16 ||   107
         Punch             |     5 |     9 |     6 |       ||    20
Ability: Caustic Breath    |       |       |     7 |     2 ||     9
         Lunge             |       |       |    19 |    28 ||    47
         Whirlwind         |       |       |     1 |     1 ||     2
  Evoke: Wand              |       |       |       |     3 ||     3
    Use: Scroll            |       |    10 |     9 |     5 ||    24
         Potion            |       |       |     1 |     2 ||     3
   Stab: Sleeping          |     4 |     1 |       |       ||     5
 Armour: Skin              |    54 |   104 |   152 |    43 ||   353
  Dodge: Dodged            |    49 |    91 |   134 |    79 ||   353
   Form: Flux              |     1 |       |     1 |       ||     2
         Beast             |     1 |       |       |       ||     1

Table legend: (Time is in decaauts)
 A = Elapsed time spent in this place.
 B = Non-inter-level travel time spent in this place.
 C = Inter-level travel time spent in this place.
 D = Time resting spent in this place.
 E = Time spent auto-exploring this place.
 F = Levels seen in this place.
 G = Mean time per level.
                   A        B        C        D        E       F      G
               +--------+--------+--------+--------+--------+-----+--------+
         Total |   7360 |   7174 |    186 |     90 |   3839 |  12 |  613.3 |
       Dungeon |   7018 |   6832 |    186 |     90 |   3839 |  10 |  701.8 |
        Temple |     39 |     39 |      0 |      0 |      0 |   1 |   39.0 |
        Bailey |    302 |    302 |      0 |      0 |      0 |   1 |  302.0 |
               +--------+--------+--------+--------+--------+-----+--------+

Top non-repeatable levels by time:
     D:5: 1028 daAuts
     D:7: 884 daAuts
     D:9: 863 daAuts
     D:1: 798 daAuts
     D:4: 721 daAuts
     D:6: 713 daAuts
     D:2: 689 daAuts
     D:8: 643 daAuts
     D:3: 508 daAuts
  Bailey: 302 daAuts
    D:10: 166 daAuts
  Temple: 39 daAuts
